Map: [ESL] Hecate

Players

trigger - Winner!

  • Race: Protoss Protoss
  • Spawn Location: 7:00

Dolan

  • Race: Terran Terran
  • Spawn Location: 1:00

Event: ESL SC2 Masters 2023 Winter (Regional)

VOD

Have the link to the VOD?

Description

Time

  • Played on: Oct. 26, 2023, 4:38 p.m.
  • Length: 5:30

All games in this series

Show
View Real Time Build Order
Export as new Build Order

trigger Protoss - Winner!

Build Orders: 1 Gate Expand 

Get SALT Encoding   

  12  0:00  Probe  
  13  0:12  Probe  
  14  0:17  Pylon  
  14  0:24  Probe (Chrono Boost)  
  16  0:35  Gateway  
  16  0:37  Probe (Chrono Boost)  
  16  0:42  Probe (Chrono Boost)  
  16  0:45  Assimilator  
  17  0:51  Probe  
  18  1:03  Probe  
  19  1:15  Probe  
  20  1:26  Cybernetics Core  
  20  1:31  Nexus  
  20  1:35  Probe  
  21  1:42  Pylon  
  21  1:50  Probe  
  21  1:52  Assimilator  
  22  1:59  Adept (Chrono Boost)  
  22  2:02  Probe  
  22  2:03  Warp Gate  
  25  2:14  Probe  
  26  2:22  Stalker  
  28  2:26  Probe  
  29  2:30  Twilight Council  
  29  2:42  Probe (Chrono Boost)  
  29  2:43  Probe (Chrono Boost)  
  32  2:52  Probe (Chrono Boost)  
  32  2:53  Stalker (Chrono Boost)  
  32  2:54  Probe (Chrono Boost)  
  32  2:58  Gateway, Probe (Chrono Boost)  
  35  3:03  Probe  
  37  3:07  Shield Battery  
  37  3:16  Shield Battery  
  37  3:18  Pylon  
  37  3:20  Stalker (Chrono Boost)  
  39  3:33  Probe  
  38  3:41  Probe  
  38  3:45  Probe  
  40  3:51  Stalker x2  
  43  4:00  Robotics Facility  
  42  4:03  Probe  
  42  4:05  Probe  
  44  4:14  Stalker x2  
  44  4:16  Probe  
  49  4:25  Probe  
  49  4:27  Pylon  
  49  4:28  Probe  
  51  4:37  Stalker  
  54  4:38  Gateway  
  54  4:40  Gateway  
  53  4:48  Zealot  
  40  5:00  Probe x2  
  40  5:01  Stalker  
  38  5:08  Stalker  
  38  5:12  Probe  
  41  5:16  Probe  
Show
View Real Time Build Order
Export as new Build Order

Dolan Terran 

Build Orders:  

Get SALT Encoding   

  12  0:00  SCV  
  13  0:12  SCV  
  14  0:16  Supply Depot  
  14  0:24  SCV  
  15  0:38  SCV  
  15  0:40  Barracks  
  16  0:50  SCV  
  16  0:51  Refinery  
  17  0:59  Barracks  
  17  1:03  SCV  
  18  1:15  SCV  
  19  1:27  Marine  
  20  1:46  Command Center  
  20  1:51  Barracks Reactor  
  20  1:53  Barracks Tech Lab  
  20  2:03  Supply Depot  
  20  2:07  SCV  
  21  2:14  Marauder  
  23  2:17  Concussive Shells  
  23  2:26  Marine x2  
  25  2:35  Marauder  
  27  2:44  Marine x2  
  29  2:57  Marauder  
  31  3:02  Marine x2  
  33  3:13  Orbital Command  
  33  3:20  Marauder, Marine x2  
  37  3:31  Bunker  
  36  3:38  Marine  
  37  3:41  Marauder  
  34  3:54  Marine  
  35  3:55  Marine  
  35  3:58  SCV  
  35  3:59  SCV  
  35  4:03  Marauder  
  37  4:15  Marine x2  
  40  4:24  Marauder  
  40  4:35  Marine x2  
  44  4:46  Marauder  
  20  5:08  Marauder  
Tags
 
Add a new tag
Caveats
  • Supply blocks, unpowered buildings, or Contaminate may cause inaccurate times.
  • Supply counts are checked every 10 seconds.